 Dungeon Crawl Stone Soup version 0.31-a0-355-g57cb03d3e8 (webtiles) character file.

Game seed: 15379623461680144919

246 bmack86 the Chopper (level 5, 0/45 HPs)
             Began as a Minotaur Fighter on July 25, 2023.
             Killed by divine providence
             ... invoked by an orc priest
              (11 damage)
             ... on level 3 of the Dungeon.
             The game lasted 00:04:08 (1830 turns).

bmack86 the Chopper (Minotaur Fighter)              Turns: 1830, Time: 00:04:09

Health: 0/45       AC:  8    Str: 22    XL:     5   Next: 84%
Magic:  4/4        EV:  9    Int:  5    God:
Gold:   143        SH:  4    Dex: 10    Spells: 4/4 levels left

rFire   . . .        a - +0 war axe
rCold   . . .        c - +0 buckler
rNeg    . . .        b - +0 scale mail
rPois   .            (helmet restricted)
rElec   .            (no cloak)
rCorr   .            (no gloves)
SInv    .            m - +0 pair of boots
Will    +....        (no amulet) Stlth
                     n - ring of willpower
HPRegen 0.27/turn    (no ring)
MPRegen 0.09/turn

%: no passive effects
@: no status effects
A: horns 2, retaliatory headbutt
a: no special abilities


You were on level 3 of the Dungeon.
You visited 1 branch of the dungeon, and saw 3 of its levels.

You collected 143 gold pieces.

Inventory:

Hand Weapons
 a - a +0 war axe (weapon)
Armour
 b - a +0 scale mail (worn)
 c - a +0 buckler (worn)
 m - a +0 pair of boots (worn)
Jewellery
 n - a ring of willpower (left hand)
Scrolls
 g - 2 scrolls of teleportation {unknown}
 j - a scroll of enchant armour {unknown}
 o - 3 scrolls of identify {unknown}
 p - 2 scrolls of fear {unknown}
 q - a scroll of enchant weapon {unknown}
Potions
 d - 2 potions of might
 e - a potion of degeneration {unknown}
 f - a potion of magic {unknown}
 h - a potion of enlightenment {unknown}
 i - 2 potions of curing
 k - a potion of mutation {unknown}
 l - 2 potions of brilliance {unknown}
 r - a potion of lignification {unknown}


   Skills:
 - Level 3.6 Fighting
 + Level 7.5 Axes
 - Level 3.6 Armour
 - Level 3.6 Shields


You had 4 spell levels left.
You didn't know any spells.
Your spell library contained the following spells:

 Spells                   Type           Power      Damage    Failure   Level
 Ensorcelled Hibernation  Hex/Ice        0%         N/A       95%         2
 Anguish                  Hex/Necr       0%         N/A       100%        4


Dungeon Overview and Level Annotations

Branches:
Dungeon (3/15)

Altars:

Shops:
D:2 (=(


Innate Abilities, Weirdness & Mutations

You have a pair of horns on your head.
You reflexively headbutt those who attack you in melee.


Message History

Beogh smites you!
* * * LOW HITPOINT WARNING * * *
The orc hits you but does no damage.
The orc priest hits you with a +0 dagger.
* * * LOW HITPOINT WARNING * * *
You hit the orc priest but do no damage.
You headbutt the orc priest.
The orc priest is lightly wounded.
You hit the orc but do no damage. You closely miss the orc.
The orc closely misses you. You furiously retaliate!
You headbutt the orc!
You kill the orc!
The orc barely misses you. You furiously retaliate!
You headbutt the orc!
You kill the orc!
The orc priest hits you with a +0 dagger.
* * * LOW HITPOINT WARNING * * *
It was a potion of curing.
You feel better.
The orc priest hits you but does no damage.
You hit the orc priest.
You headbutt the orc priest, but do no damage.
The orc priest is heavily wounded.
You closely miss the orc priest.
The orc priest miscasts a cantrip.
The orc priest closely misses you. You furiously retaliate!
You headbutt the orc priest! You closely miss the orc priest.
The orc priest is heavily wounded.
You hit the orc priest.
The orc priest hits you but does no damage. x2
You barely miss the orc priest. You headbutt the orc priest.
The orc priest is heavily wounded.
You hit the orc priest.
The orc priest calls upon Beogh to heal the orc priest.
The orc priest is healed somewhat.
The orc priest begins to cast a cantrip, but forgets the words!
You closely miss the orc priest. You headbutt the orc priest.
The orc priest is severely wounded.
You hit the orc priest. The orc priest closely misses you.
The orc priest invokes the aid of Beogh against you.
Beogh smites you!
You die...

.## .. #.## .######
.#.## ...... #.#.##
#.... . ##.#.##
#...# .. .##.#.##
#...###..( #.##.#.##
#.........
.#.##)#.##
###.)o......
..#.##.#.##
#..)@o.##...
##.#.##.#.# #.#)#..#
#.#.##.#.####.#.#..#
.#.##.#.##...)..#..#
#.##.#.###)#....#..#
.##.#.##........#..#
##.#.##........##..#
#.#.###..##.##..<..#
.#.##...........#..#


You could see 2 orc priests.

Vanquished Creatures
  Sigmund (D:2)
  An orc priest (D:3)
  An adder (D:2)
  A worm (D:2)
  2 orcs (D:3)
  2 bats
  3 endoplasms (D:1)
  A giant cockroach (D:2)
  2 goblins
  3 hobgoblins
  4 jackals (D:3)
  5 kobolds
  2 quokkas
  5 ball pythons
  3 frilled lizards
  7 rats
43 creatures vanquished.

Notes
Turn   | Place    | Note
-------+----------+-------------------------------------------
     0 | D:1      | bmack86 the Minotaur Fighter began the quest for the Orb.
     0 | D:1      | Reached XP level 1. HP: 19/19 MP: 0/0
   162 | D:1      | Reached skill level 3 in Axes
   249 | D:1      | Reached XP level 2. HP: 26/26 MP: 1/1
   827 | D:2      | Reached skill level 4 in Axes
   827 | D:2      | Reached XP level 3. HP: 21/31 MP: 2/2
   967 | D:2      | Found Cyintuw's Antique Weapon Boutique.
  1123 | D:2      | Found Lust's Weapon Shop.
  1128 | D:2      | Found Adud Vul's Jewellery Boutique.
  1285 | D:2      | Noticed Sigmund
  1292 | D:2      | Killed Sigmund
  1293 | D:2      | Reached skill level 7 in Axes
  1293 | D:2      | Reached XP level 4. HP: 39/39 MP: 3/3
  1293 | D:2      | Reached XP level 5. HP: 45/45 MP: 4/4
  1825 | D:3      | HP: 2/45 [orc priest/+0 dagger (3)]
  1830 | D:3      | Killed from afar by an orc priest

Illustrated notes

Levels and vault maps discovered:
D:1:      lightli_arrival_statue_moat, layout_basic
D:2:      layout_loops_ring, serial_shops, nicolae_shop_waterfront,
          nicolae_shop_stone, shop, chequers_arboretum, nrook_campfire,
          kennysheep_boxes, uniq_sigmund
D:3:      minmay_inner_zag, layout_basic,
          grunt_temple_overflow_champion_of_chaos, serial_corexii_hall,
          corexii_hall_statues_l, corexii_hall_statues_u, minivault_14,
          uniq_natasha

Skill      XL: |  1  2  3 |
---------------+----------+-----
Axes           | 3 4 7 |  7.5
Fighting       | |  3.6
Armour         | |  3.6
Shields        | |  3.6

Action                     |  1- 3 |  4- 6 || total
---------------------------+-------+-------++-------
  Melee: War axe           |    68 |    25 ||    93
         Headbutt          |     4 |     5 ||     9
    Use: Potion            |       |     1 ||     1
 Armour: Scale mail        |    27 |    15 ||    42
  Dodge: Dodged            |    24 |    14 ||    38
  Block: Buckler           |    18 |     2 ||    20

Table legend: (Time is in decaauts)
 A = Elapsed time spent in this place.
 B = Non-inter-level travel time spent in this place.
 C = Inter-level travel time spent in this place.
 D = Time resting spent in this place.
 E = Time spent auto-exploring this place.
 F = Levels seen in this place.
 G = Mean time per level.
                   A        B        C        D        E       F      G
               +--------+--------+--------+--------+--------+-----+--------+
         Total |   1857 |   1808 |     49 |      0 |   1296 |   3 |  619.0 |
       Dungeon |   1857 |   1808 |     49 |      0 |   1296 |   3 |  619.0 |
               +--------+--------+--------+--------+--------+-----+--------+

Top non-repeatable levels by time:
     D:1: 832 daAuts
     D:2: 770 daAuts
     D:3: 254 daAuts
